 Dungeon Crawl Stone Soup version 0.26.0-11-g8f856b5395 (webtiles) character file.

Game seed: 4326862852850952194

109 xSliceyx the Magician (level 4, -2/24 HPs)
             Began as a Deep Elf Hedge Wizard on Jan 15, 2021.
             Slain by a necrophage (8 damage)
             ... on level 4 of the Dungeon.
             The game lasted 00:07:16 (2027 turns).

xSliceyx the Magician (Deep Elf Hedge Wizard)       Turns: 2027, Time: 00:07:16

Health: -2/24      AC:  2    Str: 13    XL:     4   Next: 59%
Magic:  1/13       EV: 14    Int: 20    God:
Gold:   26         SH:  0    Dex: 14    Spells: 7/14 levels left

rFire    . . .     SeeInvis .   h - +0 long sword
rCold    . . .     Faith    .   (no shield)
rNeg     . . .     Spirit   .   b - +0 robe
rPois    .         Reflect  .   c - +0 hat
rElec    .         Harm     .   (no cloak)
rCorr    .         Rampage  .   (no gloves)
Will     .....                  (no boots)
Stlth    ++........             (no amulet)
HPRegen  0.08/turn              d - +6 ring of strength
MPRegen  0.13/turn              (no ring)

@: no status effects
A: no striking features
a: no special abilities


You were on level 4 of the Dungeon.
You visited 1 branch of the dungeon, and saw 3 of its levels.

You collected 26 gold pieces.

Inventory:

Hand Weapons
 h - a +0 long sword (weapon)
Armour
 b - a +0 robe (worn)
 c - a +0 hat (worn)
Jewellery
 d - a +6 ring of strength (left hand)
Scrolls
 a - a scroll of identify {unknown}
 e - a scroll of teleportation {unknown}
Potions
 f - a potion of mutation {unknown}
 g - 2 potions of flight {unknown}
 i - 2 potions of brilliance {unknown}


   Skills:
 + Level 4.2 Dodging
 - Level 2.4 Stealth
 + Level 5.9 Spellcasting
 - Level 2.0 Conjurations
 - Level 1.1 Summonings
 - Level 1.1 Translocations


You had 7 spell levels left.
You knew the following spells:

 Your Spells              Type           Power        Failure   Level
a - Magic Dart            Conj           52%          4%          1
b - Blink                 Tloc           N/A          10%         2
c - Call Imp              Summ           10%          10%         2
d - Slow                  Hex            5%           16%         2

Your spell library contained the following spells:

 Spells                   Type           Power        Failure   Level
 Conjure Flame            Conj/Fire      9%           22%         3
 Mephitic Cloud           Conj/Pois/Air  8%           24%         3


Dungeon Overview and Level Annotations

Branches:
Dungeon (2/15)

Altars:
Dithmenos


Message History

You blink.
The orc wizard mumbles some strange words.
The orc wizard blinks!
You hit the orc wizard.
The orc wizard is moderately wounded.
The orc wizard hits you but does no damage.
The orc wizard hits you with a +0 dagger.
* * * LOW HITPOINT WARNING * * *
You slash the orc wizard!
The orc wizard is severely wounded.
The orc wizard closely misses you.
You riposte.
You closely miss the orc wizard.
The orc wizard is severely wounded.
The orc wizard misses you.
You riposte.
You barely miss the orc wizard.
The orc wizard is severely wounded.
You barely miss the orc wizard.
The orc wizard is severely wounded.
The orc wizard mumbles some strange words.
The orc wizard blinks!
The necrophage hits you!
You die...

#..####'###......
#[......n.#......
#.........#......
#.........#......
#........5# .....
#####..##.#
#####o###
#...§n..#
#...@...#
#.......#
#.......#
#.......#
#########


You could see a necrophage, an orc wizard (fast) and a friendly iron imp
(summoned).

Vanquished Creatures
  An adder (D:2)
  2 leopard geckos (D:1)
  2 bats (D:1)
  2 giant cockroaches (D:1)
  2 goblins (D:1)
  7 hobgoblins
  7 jackals (D:1)
  A ball python (D:1)
  A kobold (D:1)
  4 rats
29 creatures vanquished.

Vanquished Creatures (collateral kills)
  A scorpion (D:4)
  An orc wizard (D:4)
  2 adders (D:2)
  2 worms (D:2)
  An orc (D:4)
  A ball python (D:2)
  2 giant cockroaches (D:2)
  2 hobgoblins (D:2)
  2 kobolds (D:2)
  2 bats (D:2)
  A goblin (D:2)
17 creatures vanquished.

Vanquished Creatures (others)
  18 plants
18 creatures vanquished.

Grand Total: 64 creatures vanquished

Notes
Turn   | Place    | Note
-------+----------+-------------------------------------------
     0 | D:1      | xSliceyx the Deep Elf Hedge Wizard began the quest for the
                  | Orb.
     0 | D:1      | Reached XP level 1. HP: 10/10 MP: 7/7
   283 | D:1      | Reached XP level 2. HP: 15/15 MP: 3/9
   477 | D:1      | Reached skill level 5 in Spellcasting
   838 | D:1      | Reached XP level 3. HP: 14/19 MP: 1/11
  1209 | D:1      | Learned a level 2 spell: Blink
  1212 | D:1      | Learned a level 2 spell: Call Imp
  1215 | D:1      | Learned a level 2 spell: Slow
  1448 | D:2      | Found a shadowy altar of Dithmenos.
  1697 | D:2      | Reached XP level 4. HP: 10/24 MP: 2/13
  1920 | D:2      | You fall into a shaft and drop 2 floors!
  2009 | D:4      | Noticed a necrophage
  2027 | D:4      | Slain by a necrophage

Illustrated notes

Levels and vault maps discovered:
D:1:      eino_arrival_water_cross, layout_rooms, solitary_fountain
D:2:      layout_basic, lemuel_coloured_pillars_altar, lemuel_doored_altar,
          serial_bayou_pond_c
D:4:      layout_gridville, kennysheep_mini_moat,
          minmay_temple_entry_proselytizer, serial_shops,
          nicolae_shop_behind_doors, uniq_edmund, uniq_natasha

Skill      XL: |  1  2  3  4 |
---------------+-------------+-----
Dodging        | 3 4 |  4.2
Spellcasting   | 5 |  5.9
Conjurations   | 2 |  2.0
Stealth        | |  2.4
Summonings     | |  1.1
Translocations | |  1.1

Action                   |  1- 3 |  4- 6 || total
-------------------------+-------+-------++-------
Melee: Whip              |    30 |       ||    30
       Long sword        |     6 |     4 ||    10
 Cast: Magic Dart        |    74 |       ||    74
       Call Imp          |    14 |    10 ||    24
       Blink             |     2 |     1 ||     3
Armor: Robe              |    18 |     1 ||    19
Dodge: Dodged            |    73 |     4 ||    77
       Rpst.: Long sword |     4 |     2 ||     6
